Map: Galactic Process LE

Players

Railgan - Winner!

  • Race: Zerg Zerg
  • League: Grandmaster

Lisandro

  • Race: Protoss Protoss
  • League: Grandmaster

VOD

Have the link to the VOD?

Description

Time

  • Played on: Aug. 29, 2016, 2:04 p.m.
  • Length: 6:51
Show
View Real Time Build Order
Export as new Build Order

Railgan Zerg - Winner!

Build Orders: Hatch First 

Get SALT Encoding   

  12  0:01  Drone  
  13  0:12  Overlord  
  13  0:17  Drone  
  14  0:31  Drone x2  
  14  0:35  Drone  
  17  0:45  Drone  
  18  0:56  Hatchery  
  17  1:00  Drone  
  17  1:01  Extractor  
  17  1:15  Spawning Pool  
  17  1:17  Drone  
  17  1:23  Drone  
  18  1:29  Drone  
  19  1:43  Drone  
  20  1:51  Hatchery  
  19  2:02  Queen  
  19  2:07  Metabolic Boost  
  21  2:11  Drone  
  22  2:16  Zergling x2  
  22  2:18  Drone  
  24  2:26  Queen  
  26  2:31  Drone  
  26  2:35  Drone  
  28  2:40  Overlord  
  28  2:49  Lair  
  28  2:55  Overlord  
  28  3:01  Drone x2  
  28  3:03  Drone  
  31  3:11  Drone x2  
  33  3:15  Queen  
  33  3:18  Drone  
  36  3:23  Drone  
  36  3:24  Zergling x4  
  39  3:32  Overlord  
  39  3:33  Drone x2  
  41  3:46  Drone  
  42  3:48  Overlord  
  42  3:57  Spire  
  42  3:58  Extractor x2  
  42  3:59  Extractor  
  42  4:01  Drone  
  42  4:02  Drone x2  
  41  4:03  Drone x3  
  41  4:05  Drone  
  45  4:10  Zergling x2  
  45  4:11  Zergling x4  
  45  4:15  Drone  
  45  4:16  Drone  
  50  4:19  Overlord  
  50  4:22  Zergling x4  
  52  4:26  Zergling x2  
  52  4:27  Zergling x2  
  52  4:30  Zergling x4  
  56  4:34  Zergling x4  
  56  4:38  Zergling x2  
  59  4:41  Overlord  
  59  4:45  Zergling x2  
  60  4:46  Zergling x2  
  60  4:47  Zergling x4  
  63  5:01  Drone x2  
  63  5:02  Drone, Overlord  
  66  5:15  Mutalisk x4  
  66  5:19  Overlord  
  73  5:21  Mutalisk  
  73  5:29  Mutalisk  
  73  5:32  Zergling x2  
  67  5:36  Drone  
  67  5:37  Drone x6  
  72  5:48  Evolution Chamber  
  71  5:51  Baneling Nest  
  71  5:54  Drone  
  71  5:55  Drone x4  
  75  5:59  Drone x4  
  75  6:00  Drone  
  80  6:08  Overlord  
  80  6:10  Zergling x4  
  82  6:14  Overlord  
  82  6:17  Overlord  
  82  6:26  Overlord  
  82  6:30  Overlord x2  
Show
View Real Time Build Order
Export as new Build Order

Lisandro Protoss 

Build Orders: 1 Gate Expand 

Get SALT Encoding   

  12  0:01  Probe (Chrono Boost)  
  13  0:12  Probe (Chrono Boost)  
  14  0:20  Pylon  
  14  0:22  Probe (Chrono Boost)  
  15  0:38  Probe (Chrono Boost)  
  15  0:39  Gateway  
  16  0:49  Probe (Chrono Boost)  
  17  0:52  Assimilator  
  17  1:00  Probe (Chrono Boost)  
  18  1:10  Probe (Chrono Boost)  
  19  1:24  Nexus  
  19  1:31  Cybernetics Core  
  19  1:36  Probe (Chrono Boost)  
  19  1:39  Assimilator  
  20  1:46  Probe (Chrono Boost)  
  21  1:51  Pylon  
  21  1:57  Probe (Chrono Boost)  
  22  2:07  Probe (Chrono Boost)  
  23  2:11  Adept, Warp Gate  
  25  2:18  Probe (Chrono Boost)  
  27  2:31  Mothership Core (Chrono Boost)  
  27  2:37  Probe (Chrono Boost)  
  29  2:39  Stalker  
  31  2:47  Probe (Chrono Boost)  
  31  2:48  Pylon  
  31  2:49  Probe (Chrono Boost)  
  33  2:58  Probe (Chrono Boost)  
  34  3:00  Probe (Chrono Boost)  
  35  3:08  Probe (Chrono Boost)  
  35  3:10  Probe (Chrono Boost)  
  39  3:17  Twilight Council  
  39  3:19  Probe (Chrono Boost)  
  38  3:21  Probe (Chrono Boost)  
  39  3:28  Gateway x2  
  39  3:29  Probe (Chrono Boost)  
  39  3:31  Probe (Chrono Boost)  
  40  3:34  Pylon  
  40  3:40  Probe (Chrono Boost)  
  41  3:42  Resonating Glaives  
  41  3:43  Probe (Chrono Boost)  
  42  3:49  Robotics Facility  
  42  3:50  Probe (Chrono Boost)  
  42  3:53  Probe (Chrono Boost)  
  44  4:01  Probe (Chrono Boost)  
  45  4:08  Probe (Chrono Boost)  
  46  4:11  Probe (Chrono Boost)  
  46  4:14  Adept  
  49  4:17  Assimilator  
  49  4:19  Assimilator  
  49  4:20  Probe (Chrono Boost)  
  49  4:22  Probe (Chrono Boost)  
  51  4:28  Adept x2  
  51  4:30  Pylon  
  56  4:32  Probe x2 (Chrono Boost)  
  56  4:36  Robotics Bay  
  56  4:38  Observer  
  58  4:43  Probe (Chrono Boost)  
  58  4:44  Adept, Probe (Chrono Boost)  
  62  4:53  Probe (Chrono Boost)  
  62  4:54  Adept  
  62  4:55  Adept  
  62  4:56  Probe (Chrono Boost)  
  62  4:57  Pylon  
  62  4:58  Warp Prism  
  70  5:12  Pylon  
  70  5:16  Stalker  
  70  5:17  Probe x2 (Chrono Boost)  
  74  5:29  Adept x2, Probe x2 (Chrono Boost)  
  72  5:37  Disruptor  
  72  5:41  Probe (Chrono Boost)  
  68  5:46  Gateway  
  68  5:48  Gateway  
  68  5:49  Adept  
  70  5:50  Gateway, Adept  
  70  5:52  Gateway  
  70  5:55  Adept, Probe (Chrono Boost)  
  75  6:10  Stalker x2  
  77  6:17  Stalker  
  76  6:22  Probe (Chrono Boost)  
  74  6:26  Probe (Chrono Boost)  
  72  6:38  Stalker  
Tags
 
Add a new tag
Caveats
  • Supply blocks, unpowered buildings, or Contaminate may cause inaccurate times.
  • Supply counts are checked every 10 seconds.